 Dungeon Crawl Stone Soup version 0.20.1-1-g8b1a95d (webtiles) character file.

154 Minstaer the Digger (level 5, -1/28 HPs)
             Began as a Gargoyle Earth Elementalist on Nov 7, 2017.
             Slain by a wyvern zombie (6 damage)
             ... on level 4 of the Dungeon.
             The game lasted 00:23:54 (2971 turns).

Minstaer the Digger (Gargoyle Earth Elementalist)   Turns: 2971, Time: 00:23:54

Health: -1/28      AC: 10    Str: 11    XL:     5   Next: 35%
Magic:  2/9        EV: 11    Int: 17    God:
Gold:   165        SH:  0    Dex: 10    Spells: 1/10 levels left

rFire    . . .     SeeInvis .   a - +0 mace
rCold    . . .     Gourm    .   (no shield)
rNeg     + . .     Faith    .   i - +0 leather armour
rPois    ∞         Spirit   .   B - +0 helmet
rElec    +         Reflect  .   (no cloak)
rCorr    .         Harm     .   g - +1 pair of gloves
MR       .....                  (no boots)
Stlth    ++........             (no amulet)
Regen    0.1/turn               (no ring)
MPRegen  0.2/turn               (no ring)

@: no status effects
A: negative energy resistance 1, electricity resistance, unbreathing,
petrification resistance, rot immunity, AC +4
a: no special abilities


You were on level 4 of the Dungeon.
You were not hungry.

You visited 1 branch of the dungeon, and saw 4 of its levels.

You collected 165 gold pieces.

Inventory:

Hand Weapons
 a - a +0 mace (weapon)
 f - a cursed -1 hunting sling
Missiles
 b - 99 stones (quivered)
 h - 5 javelins of returning
 x - 12 poisoned needles
Armour
 c - a +0 robe
 g - a +1 pair of gloves (worn)
 i - a +0 leather armour (worn)
 B - a +0 helmet (worn)
Magical Staves
 w - an uncursed staff of poison
Jewellery
 l - an uncursed ring of ice {unknown}
 u - an uncursed amulet of guardian spirit {unknown}
 C - a +2 ring of evasion {unknown}
Scrolls
 j - a scroll of blinking {unknown}
 k - a scroll of enchant armour
 o - a scroll of magic mapping {unknown}
 r - a scroll of amnesia {unknown}
 y - a scroll of random uselessness {unknown}
Potions
 m - a potion of agility {unknown}
 s - a potion of mutation {unknown}
 t - a potion of ambrosia {unknown}
 v - a potion of lignification {unknown}
 z - a potion of heal wounds {unknown}
Books
 e - a book of Geomancy

   Spells                             Type                      Level
   a - Sandblast                      Earth                        1
   b - Passwall                       Transmutation/Earth          2
   c - Stone Arrow                    Conjuration/Earth            3
   d - Petrify                        Transmutation/Earth          4
   e - Lee's Rapid Deconstruction     Earth                        5
Comestibles
 d - 2 bread rations
 n - 5 fruits
 p - a royal jelly
 q - a meat ration
 A - a chunk of flesh


   Skills:
 + Level 0.4 Fighting
 + Level 2.0 Armour
 - Level 1.5 Dodging
 - Level 2.1 Stealth
 + Level 3.0 Spellcasting
   Level 0.7 Transmutations
 * Level 5.7 Earth Magic


You had one spell level left.
You knew the following spells:

 Your Spells              Type           Power        Failure   Level  Hunger
a - Sandblast             Erth           ###...       2%          1    None
b - Stone Arrow           Conj/Erth      ##....       22%         3    ###....
c - Lee's Rapid Deconstr  Erth           ###.......   52%         5    ######.


Dungeon Overview and Level Annotations

Branches:
Dungeon (4/15)
 Temple: D:4-7

Altars:
Trog
Uskayaw
Xom

Annotations:
D:3 Grinder


Innate Abilities, Weirdness & Mutations

You are resistant to torment.
Your stone body is resilient. (AC +4)
You are immune to poison.
You resist negative energy. (rN+)
You are resistant to electric shocks. (rElec)
You can survive without breathing.
You are immune to petrification.
You are immune to rotting.


Message History

The blast of sand misses the wyvern zombie.
b - 99 stones The wyvern zombie bites you.
* * * LOW HITPOINT WARNING * * *
Your magical contamination has completely faded away.
The wyvern zombie misses you. The wyvern zombie closely misses you.
Casting: Sandblast
Confirm with . or Enter, or press ? or * to list all spells.
Aiming: Sandblast
Press: ? - help, Shift-Dir - straight line, f/p - wyvern zombie
Aim: a wyvern zombie (severely damaged)
Okay, then.
The wyvern zombie bites you but does no damage.
The wyvern zombie closely misses you. The wyvern zombie closely misses you.
The wyvern zombie bites you but does no damage.
There is a stone staircase leading up here.
The wyvern zombie bites you.
You die...

#.### ......#.#..
..# #.#........
..... .....#.#.#
...#### ........#
....... #..##.#.#
....... #..##.#.#
#..##.#
#..##.#.####..##.##
#.@Z...............
#..##.#.####.###.##
#.###.#.####.###.##
#.# #.#............
#.# #.#.####.......
#.#####.####.######
#..................
#######.####.######
#.# #.#


You could see a wyvern zombie.

Vanquished Creatures
  Robin (D:3)
  5 adders
  3 worms
  3 dart slugs
  3 leopard geckos
  2 giant cockroaches
  11 goblins
  8 hobgoblins
  10 jackals
  7 kobolds
  2 quokkas (D:3)
  2 ball pythons (D:1)
  5 bats
  7 frilled lizards
  11 rats
80 creatures vanquished.

Notes
Turn   | Place    | Note
-------+----------+-------------------------------------------
     0 | D:1      | Minstaer the Gargoyle Earth Elementalist began the quest for the Orb.
     0 | D:1      | Reached XP level 1. HP: 10/10 MP: 3/3
   150 | D:1      | Reached XP level 2. HP: 14/15 MP: 5/5
   161 | D:1      | Reached skill level 4 in Earth Magic
   237 | D:1      | Found a shimmering altar of Xom.
   786 | D:2      | Reached XP level 3. HP: 19/19 MP: 3/6
   787 | D:2      | Found a hide-covered altar of Uskayaw.
   918 | D:2      | Learned a level 3 spell: Stone Arrow
  1337 | D:2      | Reached XP level 4. HP: 24/24 MP: 6/8
  1362 | D:2      | Reached skill level 1 in Armour
  1362 | D:2      | Reached skill level 5 in Earth Magic
  1651 | D:3      | Noticed Grinder
  2091 | D:3      | Found a bloodstained altar of Trog.
  2167 | D:3      | Reached XP level 5. HP: 18/28 MP: 9/9
  2439 | D:3      | Noticed Robin
  2486 | D:3      | Killed Robin
  2554 | D:3      | Learned a level 5 spell: Lee's Rapid Deconstruction
  2636 | D:3      | Paralysed by Grinder for 3 turns
  2971 | D:4      | Slain by a wyvern zombie

Skill      XL: |  1  2  3  4  5 |
---------------+----------------+-----
Earth Magic    | 4 5 |  5.7
Armour         | 1 2 |  2.0
Spellcasting   | 3 |  3.0
Fighting       | |  0.4
Dodging        | |  1.5
Stealth        | |  2.1
Transmutations | |  0.7

Action                   |  1- 3 |  4- 6 || total
-------------------------+-------+-------++-------
Melee: Mace              |    61 |    99 ||   160
       Staff             |       |    32 ||    32
Throw: Stone             |       |     1 ||     1
 Cast: Sandblast         |    16 |    34 ||    50
       Stone Arrow       |       |     2 ||     2
  Use: Scroll            |       |     1 ||     1
 Stab: Sleeping          |     1 |     2 ||     3
       Distracted        |     1 |       ||     1
  Eat: Chunk             |     2 |     5 ||     7
Armor: Robe              |     4 |       ||     4
       Leather armour    |    17 |   102 ||   119
Dodge: Dodged            |    54 |   124 ||   178
